 Dungeon Crawl Stone Soup version 0.26-a0-190-g75a3d40d47 (console) character file.

Game seed: 15698782624590854429

92 bli the Insei (level 4, 0/28 HPs)
             Began as an Octopode Transmuter on July 4, 2020.
             Was a Follower of Cheibriados.
             Shot with an arrow by a centaur (17 damage)
             ... on level 3 of the Dungeon.
             The game lasted 00:04:57 (2551 turns).

bli the Insei (Octopode Transmuter)                 Turns: 2551, Time: 00:04:57

Health: 0/28       AC:  1    Str: 13    XL:     4   Next: 60%
Magic:  6/7        EV: 14    Int: 18    God:    Cheibriados [*.....]
Gold:   136        SH:  0    Dex: 15    Spells: 4/7 levels left

rFire    . . .     SeeInvis .     - Unarmed
rCold    . . .     Faith    .   (no shield)
rNeg     . . .     Spirit   .   (helmet restricted)
rPois    .         Reflect  .   (no amulet)
rElec    .         Harm     .   (no ring)
rCorr    .                      (no ring)
MR       .....                  (no ring)
Stlth    +++.......             (no ring)
HPRegen  0.09/turn              (no ring)
MPRegen  0.10/turn              (no ring)
                                (no ring)
                                (no ring)

@: very slow
A: almost no armour, stealthy swim, amphibious, 8 rings, constrict 8, camouflage
1, gelatinous body 1
a: Bend Time, Renounce Religion


You were on level 3 of the Dungeon.
You worshipped Cheibriados.
Cheibriados was aware of your devotion.
You were not hungry.

You visited 1 branch of the dungeon, and saw 3 of its levels.

You collected 136 gold pieces.

Inventory:

Missiles
 a - 9 arrows
 d - 82 stones (quivered)
 g - 15 sling bullets
 l - 13 poisoned darts
 n - 2 javelins
Jewellery
 r - an uncursed amulet of faith {unknown}
 s - an uncursed ring of protection from fire
Scrolls
 b - a scroll of remove curse {unknown}
 e - a scroll of blinking {unknown}
 f - a scroll of identify {unknown}
 h - 2 scrolls of fear {unknown}
 i - a scroll of enchant armour {unknown}
 j - a scroll of magic mapping {unknown}
 m - 2 scrolls of teleportation {unknown}
 o - a scroll of random uselessness {unknown}
 q - a scroll of immolation {unknown}
 u - a scroll of enchant weapon {unknown}
Potions
 k - 2 potions of brilliance {unknown}
 p - a potion of berserk rage {unknown}
 v - a potion of heal wounds {unknown}
Comestibles
 c - 7 rations
 t - 8 chunks of flesh


   Skills:
 + Level 1.0 Fighting
 + Level 2.1 Dodging
 + Level 1.9 Stealth
 * Level 4.8 Unarmed Combat
 - Level 2.0 Spellcasting
 - Level 2.0 Transmutations


You had 4 spell levels left.
You knew the following spells:

 Your Spells              Type           Power        Failure   Level  Hunger
a - Beastly Appendage     Tmut           #.....       8%          1    #......
b - Sticks to Snakes      Tmut           #.......     12%         2    ###....

Your spell library contained the following spells:

 Spells                   Type           Power        Failure   Level  Hunger
 Spider Form              Tmut/Pois      #.........   34%         3    ###....
 Ice Form                 Ice/Tmut       #.......     75%         4    #####..
 Blade Hands              Tmut           #.........   91%         5    ######.


Dungeon Overview and Level Annotations

Branches:
Dungeon (3/15)

Altars:
Cheibriados
Qazlal
Trog
Yredelemnul


Innate Abilities, Weirdness & Mutations

You cannot wear most types of armour.
You are very stealthy in the water. (Stealth+)
You are amphibious.
You can wear up to eight rings at the same time.
You can use your tentacles to constrict eight enemies at once.
Your skin changes colour to match your surroundings (Stealth+).
Your rubbery body absorbs attacks. (AC +1, EV +1)


Message History

The adder dies!
Cheibriados appreciates the change of pace.
You see here an adder corpse.
You butcher the adder corpse.
t - 8 chunks of flesh (gained 1)
You see here an adder skeleton.
You see here a halberd.
You swap places.
Your transformation is almost over.
Your ball python withers and dies!
A centaur comes into view.
The centaur shouts!
The centaur wields a +0 shortbow.
The centaur shoots an arrow.
The arrow barely misses you.
The centaur shoots an arrow.
The arrow hits you!
Found a scroll labeled IKORIMUUGA.
You see here an arrow.
Your tentacle spike disappears.
The centaur shoots an arrow.
The arrow hits you!
Ouch! That really hurt!
You die...

.# $.. #.##.### #.#
.#.. #####.##.#.#
....>.....#
############.#..##..#
#................##.##
#.......##.........#
#....@.(##.....#...###
+....<(..........[....
#.......###รท.###....#.
#?c............)##..#<#
#.#.......###...##..#.#
# ######### #...##..#..
#...#...#...
#...........
#.#.#.....#.
#.#.#.#####. ..#.# .


You could see a centaur.

Vanquished Creatures
  3 adders (D:2)
  A worm (D:2)
  A dart slug (D:1)
  3 leopard geckos (D:1)
  A ball python (D:1)
  4 giant cockroaches (D:2)
  2 gnoll zombies (D:2)
  5 goblins
  5 hobgoblins
  5 jackals (D:1)
  2 quokkas (D:2)
  3 bats
  5 frilled lizards
  4 kobolds
  4 rats
48 creatures vanquished.

Vanquished Creatures (collateral kills)
  An adder (D:3)
1 creature vanquished.

Grand Total: 49 creatures vanquished

Notes
Turn   | Place    | Note
-------+----------+-------------------------------------------
     0 | D:1      | bli the Octopode Transmuter began the quest for the Orb.
     0 | D:1      | Reached XP level 1. HP: 13/13 MP: 3/3
   444 | D:1      | Reached XP level 2. HP: 10/18 MP: 3/5
  1229 | D:1      | Reached skill level 4 in Unarmed Combat
  1229 | D:1      | Reached XP level 3. HP: 21/23 MP: 4/6
  1531 | D:2      | Learned a level 2 spell: Sticks to Snakes
  1817 | D:2      | Found a faded altar of an unknown god.
  1844 | D:2      | Became a worshipper of Cheibriados the Contemplative
  1844 | D:2      | Reached * piety under Cheibriados
  1934 | D:2      | Reached XP level 4. HP: 28/28 MP: 7/7
  1953 | D:2      | Reached skill level 1 in Stealth
  1990 | D:2      | Found a basalt altar of Yredelemnul.
  2306 | D:2      | Found a stormy altar of Qazlal.
  2441 | D:2      | Found a bloodstained altar of Trog.
  2549 | D:3      | Noticed a centaur
  2551 | D:3      | Shot with an arrow by a centaur

Illustrated notes

Levels and vault maps discovered:
D:1:      ncdulo_smallfort, layout_loops_corners, minmay_distorted
D:2:      layout_loops_ring, nicolae_qazlal_eye_of_the_storm,
          lemuel_zombie_altar_yredelemnul, lemuel_round_altar,
          chequers_ecumenical_altar_simple, first_ration
D:3:      layout_basic, nemelex_altar_shiori, dancing_weapons_uskayaw,
          hangedman_decor_opposing, fedhas_ov_isle_minmay

Skill      XL: |  1  2  3  4 |
---------------+-------------+-----
Unarmed Combat | 4 |  4.8
Stealth        | 1 |  1.9
Fighting       | |  1.0
Dodging        | |  2.1
Spellcasting   | |  2.0
Transmutations | |  2.0

Action                   |  1- 3 |  4- 6 || total
-------------------------+-------+-------++-------
Melee: Unarmed           |    78 |    22 ||   100
       Constrict         |    22 |     5 ||    27
       Kick              |     8 |     4 ||    12
       Punch             |     4 |     1 ||     5
       Tentacles         |     5 |     7 ||    12
 Cast: Beastly Appendage |    14 |     4 ||    18
       Sticks to Snakes  |     1 |     2 ||     3
 Stab: Sleeping          |     4 |     3 ||     7
  Eat: Chunk             |     3 |     1 ||     4
Armor: Skin              |     4 |     3 ||     7
Dodge: Dodged            |    45 |    16 ||    61

Table legend:
 A = Non-vault XP
 B = Vault XP
 C = Vault XP percentage of total XP
 D = Non-vault monster count
 E = Vault monster count
 F = Vault count percentage of total count
                 A         B        C        D         E       F
            +---------+---------+-------+---------+---------+-------
      Total |     123 |       9 |   6.8 |      44 |       5 |  10.2
            +---------+---------+-------+---------+---------+-------
        D:1 |      36 |       6 |  14.3 |      18 |       3 |  14.3
        D:2 |      75 |       3 |   3.8 |      24 |       2 |   7.7
        D:3 |      12 |       0 |   0.0 |       2 |       0 |   0.0
            +---------+---------+-------+---------+---------+-------
